Map: Frostline LE

Players

iPlayDefense - Winner!

  • Race: Terran Terran
  • Spawn Location: 7:00

VOD

Have the link to the VOD?

Description

Time

  • Played on: April 12, 2025, 12:20 p.m.
  • Length: 15:31
Show
View Real Time Build Order
Export as new Build Order

iPlayDefense Terran - Winner!

Build Orders:  

Get SALT Encoding   

  12  0:01  SCV  
  13  0:18  SCV  
  14  0:35  SCV  
  15  0:49  Supply Depot  
  15  1:15  Refinery  
  15  1:19  SCV  
  16  1:34  Barracks  
  16  1:36  SCV  
  17  1:53  Supply Depot, SCV  
  18  2:10  SCV  
  19  2:27  SCV  
  20  2:44  SCV  
  20  2:46  Command Center  
  21  2:54  Factory  
  21  3:02  Orbital Command  
  22  3:21  Reaper  
  22  4:02  SCV, Refinery  
  22  4:04  Factory Tech Lab  
  23  4:23  Starport  
  23  4:34  Barracks  
  23  4:37  Marine  
  23  4:38  Barracks  
  24  4:43  SCV  
  24  4:44  SCV  
  26  5:00  SCV  
  26  5:01  Supply Depot, SCV  
  26  5:02  Marine  
  29  5:12  Siege Tank  
  29  5:17  SCV  
  29  5:18  SCV  
  34  5:27  Marine  
  35  5:34  SCV  
  36  5:51  SCV  
  36  5:52  Marine  
  41  6:14  Engineering Bay  
  41  6:16  Engineering Bay, Armory  
  41  6:17  Marine  
  42  6:36  Factory Tech Lab  
  42  6:51  Supply Depot, Unknown  
  42  7:03  Barracks Reactor  
  42  7:08  Terran Infantry Weapons Level 1  
  42  7:14  Supply Depot, Starport Reactor  
  42  7:22  Command Center  
  42  7:31  Supply Depot  
  42  7:39  Siege Tank  
  45  7:46  Supply Depot  
  45  7:53  SCV  
  45  7:54  SCV  
  47  8:04  Supply Depot  
  47  8:10  SCV  
  47  8:11  SCV  
  49  8:22  Marine  
  49  8:23  Marine x3  
  49  8:27  SCV  
  51  8:36  Supply Depot  
  51  8:47  Marine  
  51  8:48  Marine x3  
  55  8:54  Orbital Command  
  55  9:00  Terran Vehicle Weapons Level 1  
  55  9:06  Supply Depot  
  55  9:09  Medivac  
  57  9:11  Siege Tank  
  57  9:19  Supply Depot  
  60  9:25  Barracks Reactor  
  60  9:39  Supply Depot  
  59  9:42  Supply Depot  
  59  9:49  Medivac  
  61  10:04  Refinery  
  61  10:05  SCV  
  61  10:07  Refinery  
  62  10:11  SCV  
  62  10:22  SCV  
  62  10:28  SCV  
  64  10:37  Supply Depot, Terran Infantry Weapons Level 2  
  64  10:39  SCV  
  65  10:45  Marine x2  
  65  10:46  Marine x3  
  70  11:01  SCV x2  
  72  11:10  Marine x2  
  72  11:11  Marine x3  
  72  11:18  SCV x2  
  79  11:31  Supply Depot  
  79  11:34  SCV  
  79  11:35  Marine x4  
  79  11:36  Marine  
  85  11:41  Terran Infantry Armor Level 1  
  85  11:43  Medivac x2  
  89  11:51  SCV  
  89  11:55  Supply Depot  
  90  12:00  Marine x5  
  90  12:06  SCV x2  
  90  12:08  SCV  
  98  12:23  SCV x2  
  98  12:25  Supply Depot, SCV  
  101  12:33  Thor  
  101  12:37  Marine  
  101  12:38  Marine x4  
  101  12:39  SCV  
  112  12:40  SCV  
  112  12:42  SCV  
  115  12:56  SCV  
  115  12:57  SCV  
  117  13:02  Marine  
  117  13:03  Marine  
  119  13:14  Supply Depot  
  119  13:18  Medivac x2  
  123  13:28  SCV  
  124  13:45  SCV  
  125  13:56  Siege Tank  
  125  13:58  Marine  
  125  13:59  Marine x4  
  133  14:00  Medivac x2  
  133  14:02  SCV  
  138  14:23  Marine  
  138  14:24  Marine x4  
  140  14:41  Siege Tank  
  140  14:44  Supply Depot  
  140  14:48  Marine  
  140  14:49  Marine x4  
Tags
 
Matchup
Co-op
Replay Pack
DaveSC2
Add a new tag
Caveats
  • Supply blocks, unpowered buildings, or Contaminate may cause inaccurate times.
  • Supply counts are checked every 10 seconds.